 Dungeon Crawl Stone Soup version 0.26-a0-606-g3c8f2f6 (webtiles) character file.

Game seed: 14493148236863035011

149 thriggle the Skirmisher (level 5, -2/51 HPs)
             Began as a Minotaur Wanderer on Sept 1, 2020.
             Slain by a goblin (3 damage)
             ... on level 3 of the Dungeon.
             The game lasted 00:10:11 (2349 turns).

thriggle the Skirmisher (Minotaur Wanderer)         Turns: 2349, Time: 00:10:15

Health: -2/51      AC:  6    Str: 19      XL:     5   Next: 9%
Magic:  4/4        EV: 10    Int:  6 (9)  God:
Gold:   138        SH:  0    Dex:  4 (6)  Spells: 4/4 levels left

rFire    + + .     SeeInvis .   v - +0 rapier
rCold    x . .     Faith    +   (no shield)
rNeg     . . .     Spirit   .   d - +0 ring mail
rPois    .         Reflect  .   (helmet restricted)
rElec    .         Harm     .   p - +0 cloak
rCorr    .                      (no gloves)
MR       .....                  (no boots)
Stlth    +.........             f - amulet of faith
HPRegen  0.17/turn              s - ring of fire
MPRegen  0.09/turn              (no ring)

@: no status effects
A: retaliatory headbutt, horns 2, clumsy 1, deterioration 1, fire resistance 1,
evolution 1
a: no special abilities


You were on level 3 of the Dungeon.
You visited 1 branch of the dungeon, and saw 3 of its levels.

You collected 138 gold pieces.

Inventory:

Hand Weapons
 a - a +2 shortbow
 g - a +0 dagger
 v - a +0 rapier (weapon)
 w - a +0 spear
Missiles
 b - 18 arrows
 i - 81 stones
 k - 51 bolts
 t - 33 poisoned darts (quivered)
Armour
 d - a +0 ring mail (worn)
 p - a +0 cloak (worn)
Jewellery
 f - an amulet of faith (around neck)
 s - a ring of fire (left hand)
Scrolls
 c - 2 scrolls of teleportation
 l - 2 scrolls of magic mapping
 m - a scroll of fog {unknown}
 q - 3 scrolls of identify
 u - 2 scrolls of amnesia


   Skills:
 + Level 6.5 Fighting
 + Level 1.5 Short Blades
 + Level 2.3 Bows
 - Level 1.0 Throwing
 + Level 3.4 Armour
 + Level 2.0 Dodging
 + Level 2.0 Stealth


You had 4 spell levels left.
You didn't know any spells.
Your spell library was empty.

Dungeon Overview and Level Annotations

Branches:
Dungeon (3/15)

Altars:


Innate Abilities, Weirdness & Mutations

You reflexively headbutt those who attack you in melee.
You have a pair of horns on your head.
You are clumsy. (Dex -2)
Your body sometimes deteriorates upon taking damage.
Your flesh is heat resistant. (rF+)
You evolve.


Message History

The gnoll misses you. The gnoll closely misses you.
The goblin barely misses you.
As you read the scroll labeled CEPHEI YMODGHE, it crumbles to dust.
The dust glows mottled black!
It was a scroll of random uselessness.
The gnoll misses you. The gnoll closely misses you.
The gnoll completely misses you. You furiously retaliate!
You headbutt the gnoll!
You kill the gnoll!
Your Dodging skill increases to level 2!
The gnoll hits you with a +0 flail.
* * * LOW HITPOINT WARNING * * *
The goblin barely misses you.
As you read the scroll labeled UGRU HUACROGA, it crumbles to dust.
The creatures around you are filled with an inner flame!
It was a scroll of immolation.
The gnoll hits you with a +0 club.
* * * LOW HITPOINT WARNING * * *
The gnoll hits you with a +0 halberd.
* * * LOW HITPOINT WARNING * * *
The goblin hits you.
You die...

#....*#.........<.....######.#..
#....##....................####.
#.............................#.
#...............##..............
**#.............##..............
#.............##..............
#..)..........#####.........#+
#...........g.)..##.....#.....
**#........g.##@g..########.....
*............##gg.## *****#.....
#............##.(≈≈#**,,≈*####..
#...............#≈.#*≈,,,≈* *..
#.....#.........#≈≈#≈≈≈*≈≈*****.
*,,,,,#.........#≈≈#≈≈≈*≈,*,,,,,
*,,,,,*,,....#.##(≈#≈,≈*≈≈*,,,,,
*,,,,,*,,....#.,#s≈#≈∩≈*≈,*,,,,>
*****,,,,.g.,#.,#s≈#≈,≈*≈,*,,,,,


You could see 3 gnolls and a goblin (inner flame).

Vanquished Creatures
  2 gnolls (D:3)
  8 adders
  A dart slug (D:1)
  A leopard gecko (D:1)
  2 ball pythons (D:2)
  6 giant cockroaches
  7 goblins
  6 hobgoblins
  3 jackals (D:1)
  5 bats
  4 frilled lizards
  7 kobolds
  6 rats
58 creatures vanquished.

Notes
Turn   | Place    | Note
-------+----------+-------------------------------------------
     0 | D:1      | thriggle the Minotaur Wanderer began the quest for the Orb.
     0 | D:1      | thriggle set off with the following items: a +2 shortbow,
                  | 26 arrows, a scroll of teleportation, a +0 ring mail
     0 | D:1      | Reached XP level 1. HP: 24/24 MP: 0/0
   231 | D:1      | Reached XP level 2. HP: 24/30 MP: 1/1
   432 | D:1      | Reached skill level 1 in Dodging
   940 | D:2      | Reached XP level 3. HP: 31/37 MP: 2/2
  1672 | D:2      | Reached XP level 4. HP: 35/45 MP: 3/3
  1814 | D:2      | Reached skill level 1 in Short Blades
  2197 | D:3      | Gained mutation: You are clumsy. (Dex -2) [potion of
                  | mutation]
  2197 | D:3      | Gained mutation: Your spells are a little easier to cast,
                  | but a little less powerful. [potion of mutation]
  2197 | D:3      | Gained mutation: You have a pair of large horns on your
                  | head. [potion of mutation]
  2197 | D:3      | Lost mutation: You are clumsy. (Dex -2) [potion of
                  | mutation]
  2201 | D:3      | Lost mutation: You have a pair of large horns on your head.
                  | [potion of mutation]
  2201 | D:3      | Gained mutation: You have a beak for a mouth. [potion of
                  | mutation]
  2201 | D:3      | Gained mutation: You have large cloven feet. [potion of
                  | mutation]
  2202 | D:3      | Lost mutation: Your spells are a little easier to cast, but
                  | a little less powerful. [potion of mutation]
  2202 | D:3      | Lost mutation: You have a beak for a mouth. [potion of
                  | mutation]
  2202 | D:3      | Lost mutation: You have large cloven feet. [potion of
                  | mutation]
  2202 | D:3      | Gained mutation: You evolve. [potion of mutation]
  2202 | D:3      | Gained mutation: Your body sometimes deteriorates upon
                  | taking damage. [potion of mutation]
  2202 | D:3      | Gained mutation: You are agile. (Dex +2) [potion of
                  | mutation]
  2306 | D:2      | Reached XP level 5. HP: 29/51 MP: 4/4
  2321 | D:3      | Lost mutation: You are agile. (Dex +2) [potion of mutation]
  2321 | D:3      | Gained mutation: You are clumsy. (Dex -2) [potion of
                  | mutation]
  2321 | D:3      | Gained mutation: Your flesh is heat resistant. (rF+)
                  | [potion of mutation]
  2349 | D:3      | HP: 1/51 [gnoll/+0 halberd (4)]
  2349 | D:3      | Slain by a goblin

Illustrated notes

Levels and vault maps discovered:
D:1:      psy_arrival_conway, layout_loops_ring
D:2:      layout_loops_ring
D:3:      minmay_angry_zag, layout_basic, gup_sewer_entry_pipe

Skill      XL: |  1  2  3  4  5 |
---------------+----------------+-----
Dodging        | 1 2 |  2.0
Armour         | 3 |  3.4
Bows           | 2 |  2.3
Short Blades   | 1 |  1.5
Stealth        | 2 |  2.0
Fighting       | |  6.5
Throwing       | |  1.0

Action                   |  1- 3 |  4- 6 || total
-------------------------+-------+-------++-------
Melee: Dagger            |    43 |       ||    43
       Unarmed           |     3 |       ||     3
       Headbutt          |     7 |     6 ||    13
       Rapier            |    10 |    46 ||    56
 Fire: Shortbow          |    29 |     9 ||    38
Throw: Stone             |     4 |       ||     4
       Dart              |     3 |       ||     3
  Use: Potion            |       |     8 ||     8
       Scroll            |       |     5 ||     5
Armor: Ring mail         |    23 |    32 ||    55
Dodge: Dodged            |    66 |    42 ||   108

Table legend: (Time is in decaauts)
 A = Elapsed time spent in this place.
 B = Non-inter-level travel time spent in this place.
 C = Inter-level travel time spent in this place.
 D = Time resting spent in this place.
 E = Time spent auto-exploring this place.
 F = Levels seen in this place.
 G = Mean time per level.
                   A        B        C        D        E       F      G
               +--------+--------+--------+--------+--------+-----+--------+
         Total |   2362 |   2316 |     46 |    590 |    908 |   3 |  787.3 |
       Dungeon |   2362 |   2316 |     46 |    590 |    908 |   3 |  787.3 |
               +--------+--------+--------+--------+--------+-----+--------+

Top non-repeatable levels by time:
     D:1: 1115 daAuts
     D:2: 1059 daAuts
     D:3: 188 daAuts
